 Dungeon Crawl Stone Soup version 0.16-a0-1784-gf5591c9 (webtiles) character file.

595 Gorice the Conjurer (level 7, -1/50 HPs)
             Began as a Demonspawn Wanderer on Oct 30, 2014.
             Was a Follower of Vehumet.
             Killed from afar by a deep elf mage (15 damage)
             ... with a stone arrow
             ... on level 6 of the Dungeon on Nov 1, 2014.
             The game lasted 00:40:33 (4698 turns).

Gorice the Conjurer (Demonspawn Wanderer)           Turns: 4698, Time: 00:40:33

Health: -1/50      AC:  8    Str: 13    XL:     7   Next: 17%
Magic:  8/17       EV:  9    Int: 15    God:    Vehumet [*.....]
Gold:   203        SH:  0    Dex: 12    Spells: 5 memorised, 3 levels left

rFire  + . .     SeeInvis .     a - +0 spear
rCold  + . .     Clarity  .     z - +2 ring mail "Fuyling" {rF+ Slay+3}
rNeg   . . .     SustAb   .     (no shield)
rPois  .         Gourm    .     (no helmet)
rElec  .         Spirit   .     (no cloak)
rCorr  .         Warding  .     (no gloves)
rMut   .         Stasis   .     (no boots)
MR     .....                    (no amulet)
Stlth  +.........               y - ring of protection from cold
                                r - +4 ring of slaying

@: very slightly contaminated, not resistant to hostile enchantments, very
unstealthy
A: talons 2, molten scales 1, demonic guardian 1
a: Renounce Religion


You were on level 6 of the Dungeon.
You worshipped Vehumet.
Vehumet was aware of your devotion.
You were not hungry.

You visited 2 branches of the dungeon, and saw 7 of its levels.

You collected 203 gold pieces.

Inventory:

Hand weapons
 a - a +0 spear (weapon)
 b - a +0 hunting sling
 d - a +0 club
 i - a +0 dagger
 m - a +0 rapier
 p - a +0 rapier
Missiles
 v - 3 tomahawks (quivered)
 C - 54 sling bullets
 X - 2 tomahawks of dispersal
 Z - 123 stones
Armour
 c - a +1 robe
 z - the +2 ring mail "Fuyling" (worn) {rF+ Slay+3}
   (You found it on level 6 of the Dungeon)

   It affects your accuracy and damage with ranged weapons and melee attacks
   (+3).
   It protects you from fire.
Jewellery
 h - an uncursed ring of protection from fire
 o - an uncursed ring of teleportation
 r - a +4 ring of slaying (left hand)
 y - a ring of protection from cold (right hand)
 B - an uncursed amulet of rage
Scrolls
 k - a scroll of immolation
 n - 3 scrolls of enchant armour
 s - 2 scrolls of teleportation
 x - 3 scrolls of remove curse
Potions
 g - a potion of flight
 l - a potion of invisibility
 t - a potion of curing {unknown}
 w - a potion of haste {unknown}
 A - a potion of poison {unknown}
Books
 e - a book of Minor Magic

   Spells                             Type                      Level
   *Magic Dart                        Conjuration                  1
   *Blink                             Translocation                2
   *Call Imp                          Summoning                    2
   Repel Missiles                     Charms/Air                   2
   Slow                               Hexes                        2
   *Conjure Flame                     Conjuration/Fire             3
   *Mephitic Cloud                    Conjuration/Poison/Air       3
Comestibles
 f - 5 bread rations
 j - 6 chunks of flesh
 q - 3 beef jerkies
 u - 2 meat rations


   Skills:
 - Level 2.0 Fighting
 - Level 1.0 Stealth
   Level 1.0 Shields
 - Level 4.0 Spellcasting
 + Level 6.7 Conjurations
   Level 1.0 Charms
 + Level 2.0 Summonings
 + Level 2.2 Fire Magic
 - Level 1.0 Evocations


You had 3 spell levels left.
You knew the following spells:

 Your Spells              Type           Power        Failure   Level  Hunger
a - Magic Dart            Conj           ###.         1%          1    None
b - Conjure Flame         Conj/Fire      ###.....     14%         3    ###....
c - Mephitic Cloud        Conj/Pois/Air  #.......     34%         3    ###....
d - Call Imp              Summ           #.......     17%         2    ##.....
J - Blink                 Tloc           N/A          38%         2    ##.....


Dungeon Overview and Level Annotations

Branches:
Dungeon (6/15)             Temple (1/1) D:4

Altars:
Ashenzari
Cheibriados
Dithmenos
Elyvilon
Fedhas
Gozag
Kikubaaqudgha
Makhleb
Okawaru
Qazlal
Ru
Sif Muna
Trog
Vehumet
Xom
Yredelemnul
Zin
The Shining One


Innate Abilities, Weirdness & Mutations

You have razor-sharp toenails.
You are partially covered in molten scales (AC +1).
A weak demonic guardian rushes to your aid.


Message History

Casting: Blink
Confirm with . or Enter, or press ? or * to list all spells.
Aiming: Magic Dart
Press: ? - help, Shift-Dir - straight line, f/p - deep elf mage
Aim: a deep elf mage, wielding a long sword and wearing a ring mail (almost dead)
The magic dart hits the deep elf mage.
The deep elf mage is almost dead.
Your quasit misses the deep elf mage.
Your quasit claws the deep elf mage but does no damage.
Your quasit barely misses the deep elf mage.
Casting: Magic Dart
Confirm with . or Enter, or press ? or * to list all spells.
Aiming: Magic Dart
Press: ? - help, Shift-Dir - straight line, f/p - deep elf mage
Aim: a deep elf mage, wielding a long sword and wearing a ring mail (almost dead)
The magic dart hits the deep elf mage.
The deep elf mage is almost dead.
The deep elf mage casts a spell at you. The stone arrow hits you!
You die...

..... ..[.... ....
.......... ... #..#
...........
....##..##............
#.......................
#.........ยง...........
......#...#.5.......#
.......#..#.e.......##..#
........#.#.....@........
#........##..............
#.....#####.....r...##..
##.......##.........#
#.#.....#.#.........#
#..#...#..#.........+
#...#.#...#.........#
#####.....# ......>.#
#...#.#...# ...


You could see a deep elf mage, a rat and a friendly quasit.

Vanquished Creatures
  A black bear (D:6)
  An ice beast (D:6)
  A crimson imp (D:5)
  A goliath beetle (D:3)
  A hound (D:6)
  A jelly (D:5)
  An orc wizard (D:6)
  3 worker ants
  A hound zombie (D:5)
  The ghost of FishServ the Sinner, a weakling HEHe of Elyvilon (D:4)
  A hound skeleton (D:4)
  4 adders
  A gnoll skeleton (D:5)
  2 worms
  4 giant geckos
  An ooze (D:6)
  7 orcs
  5 giant cockroaches
  2 gnoll zombies (D:5)
  13 goblins
  11 hobgoblins
  2 jackals (D:6)
  2 quokkas
  11 bats
  A giant newt (D:1)
  A jackal zombie (D:5)
  5 kobolds
  8 rats
93 creatures vanquished.

Vanquished Creatures (collateral kills)
  A giant cockroach (D:5)
  A jackal (D:6)
2 creatures vanquished.

Vanquished Creatures (others)
  2 crimson imps
  An iron imp (D:5)
  A quasit (D:3)
  2 white imps
  An ufetubus (D:5)
7 creatures vanquished.

Grand Total: 102 creatures vanquished

Notes
Turn   | Place    | Note
--------------------------------------------------------------
     0 | D:1      | Gorice, the Demonspawn Wanderer, began the quest for the Orb.
     0 | D:1      | Reached XP level 1. HP: 16/16 MP: 5/5
     2 | D:1      | Learned a level 1 spell: Magic Dart
   121 | D:1      | Reached skill level 1 in Conjurations
   201 | D:1      | Gained mutation: A weak demonic guardian rushes to your aid. [demonic ancestry]
   201 | D:1      | Reached XP level 2. HP: 5/22 MP: 1/7
   953 | D:2      | Gained mutation: You are partially covered in molten scales (AC +1). [demonic ancestry]
   953 | D:2      | Reached XP level 3. HP: 24/27 MP: 1/9
  1059 | D:2      | Found a radiant altar of Vehumet.
  1676 | D:2      | Upgraded the game from 0.16-a0-1738-g5881244 to 0.16-a0-1761-g9575c7c
  1995 | D:3      | Gained mutation: You have sharp toenails. [demonic ancestry]
  1995 | D:3      | Reached XP level 4. HP: 22/33 MP: 7/11
  2773 | D:4      | Reached XP level 5. HP: 28/38 MP: 4/13
  2884 | D:4      | Found a stormy altar of Qazlal.
  3006 | D:4      | Noticed FishServ's ghost (weakling HEHe)
  3015 | D:4      | Killed FishServ's ghost
  3015 | D:4      | Reached skill level 5 in Conjurations
  3070 | D:4      | Found a staircase to the Ecumenical Temple.
  3094 | Temple   | Entered the Ecumenical Temple
  3395 | D:2      | Became a worshipper of Vehumet
  3458 | D:5      | Entered Level 5 of the Dungeon
  3463 | D:5      | Learned a level 3 spell: Conjure Flame
  3490 | D:5      | Found an ancient bone altar of Kikubaaqudgha.
  3729 | D:5      | Gained mutation: You have razor-sharp toenails. [demonic ancestry]
  3729 | D:5      | Reached XP level 6. HP: 44/44 MP: 12/15
  3775 | D:5      | Noticed a wyvern
  3837 | D:5      | Reached skill level 6 in Conjurations
  3839 | D:5      | Upgraded the game from 0.16-a0-1761-g9575c7c to 0.16-a0-1784-gf5591c9
  3900 | D:5      | Learned a level 3 spell: Mephitic Cloud
  3903 | D:5      | Learned a level 2 spell: Call Imp
  3906 | D:5      | Learned a level 2 spell: Blink
  4153 | D:5      | Found a snail-covered altar of Cheibriados.
  4153 | D:5      | Found a shimmering altar of Xom.
  4154 | D:5      | Found a glowing silver altar of Zin.
  4261 | D:5      | Found a basalt altar of Yredelemnul.
  4365 | D:6      | Reached skill level 1 in Summonings
  4365 | D:6      | Reached skill level 1 in Fire Magic
  4564 | D:6      | Reached XP level 7. HP: 50/50 MP: 10/17
  4568 | D:6      | Acquired Vehumet's first power
  4568 | D:6      | Offered knowledge of Flame Tongue by Vehumet.
  4573 | D:6      | Got a warped ring mail
  4632 | D:6      | Identified the +2 ring mail "Fuyling" {rF+ Slay+3} (You found it on level 6 of the Dungeon)
  4688 | D:6      | Noticed a deep elf mage
  4698 | D:6      | Killed from afar by a deep elf mage

Action                   |  1- 3 |  4- 6 |  7- 9 || total
-------------------------+-------+-------+-------++-------
Melee: Club              |    19 |       |       ||    19
       Spear             |    19 |    88 |     4 ||   111
 Cast: Magic Dart        |    83 |   125 |    12 ||   220
       Conjure Flame     |       |     4 |       ||     4
       Blink             |       |       |     1 ||     1
  Use: Scroll            |     5 |     6 |       ||    11
 Stab: Sleeping          |     4 |     4 |       ||     8
  Eat: Chunk             |     3 |     9 |       ||    12
